 Dungeon Crawl Stone Soup version 0.28-a0-80-g9707f7362f (webtiles) character file.

Game seed: 11383287676092264894

24 Sweetruy1997 the Cutter (level 3, -1/24 HPs)
             Began as a Kobold Berserker on Aug 5, 2021.
             Was a Follower of Trog.
             Succumbed to an adder's poison
             ... on level 2 of the Dungeon.
             The game lasted 00:02:46 (1157 turns).

Sweetruy1997 the Cutter (Kobold Berserker)          Turns: 1157, Time: 00:02:46

Health: -1/24      AC:  8    Str: 14    XL:     3   Next: 15%
Magic:  3/3        EV:  9    Int:  8    God:    Trog [*.....]
Gold:   23         SH:  0    Dex: 15    Spells: 2/2 levels left

rFire   . . .      SeeInvis .   a - +0 short sword
rCold   . . .      Faith    .   (shield restricted)
rNeg    . . .      Spirit   .   e - +0 chain mail
rPois   .          Reflect  .   (no helmet)
rElec   .          Harm     .   (no cloak)
rCorr   .          Rampage  .   (no gloves)
Will    .....                   (no boots)
Stlth   ..........              (no amulet)
HPRegen 0.08/turn               (no ring)
MPRegen 0.08/turn               (no ring)

@: mighty, lethally poisoned (-1 -> -7)
A: small, no large weapons, nightstalker 3
a: Renounce Religion, Berserk


You were on level 2 of the Dungeon.
You worshipped Trog.
Trog was aware of your devotion.
You visited 1 branch of the dungeon, and saw 2 of its levels.

You collected 23 gold pieces.

Inventory:

Hand Weapons
 a - a +0 short sword (weapon)
Armour
 e - a +0 chain mail (worn)
Scrolls
 d - a scroll of brand weapon {unknown}
Potions
 b - a potion of degeneration {unknown}
 c - a potion of might


   Skills:
 + Level 3.7 Fighting
 + Level 4.6 Short Blades
 + Level 1.7 Armour
 + Level 2.6 Dodging
 + Level 0.6 Stealth


You had 2 spell levels left.
You didn't know any spells.
Your spell library was empty.

Dungeon Overview and Level Annotations

Branches:
Dungeon (2/15)

Altars:


Innate Abilities, Weirdness & Mutations

You are small and have problems with some larger weapons.
You are completely attuned to the shadows.


Message History

You hit the adder.
The adder is heavily wounded.
You feel sick.
You are no longer poisoned.
The adder misses you.
You miss the adder.
The adder is heavily wounded.
The adder bites you but does no damage.
You hit the adder but do no damage.
The adder is heavily wounded.
The adder bites you but does no damage. x2
You hit the adder but do no damage.
The adder is heavily wounded.
The adder bites you but does no damage.
You closely miss the adder.
The adder is heavily wounded.
The adder bites you.
You are poisoned.
The adder poisons you!
You completely miss the adder.
The adder is heavily wounded.
You feel sick. The adder bites you.
* * * LOW HITPOINT WARNING * * *
You hit the adder.
The adder is heavily wounded.
You feel sick. The adder barely misses you.
You hit the adder but do no damage.
The adder is heavily wounded.
You feel sick. The adder bites you but does no damage.
You hit the adder.
The adder is almost dead.
You feel sick.
You are no longer poisoned.
The adder bites you.
* * * LOW HITPOINT WARNING * * *
You are lethally poisoned!
The adder poisons you!
It was a potion of might.
You feel very mighty all of a sudden.
You die...

#### ... ###
#.#########.#
#)..S@......#
#....#######.#
........ #.#.#
.#....###
#..<# #....#
#...# #....
#.##.. #. ...


You could see an adder.

Vanquished Creatures
  4 ball pythons (D:1)
  An endoplasm (D:1)
  4 goblins (D:1)
  4 hobgoblins
  2 jackals (D:1)
  A bat (D:2)
  A frilled lizard (D:1)
  A kobold (D:2)
  4 rats (D:1)
22 creatures vanquished.

Notes
Turn   | Place    | Note
-------+----------+-------------------------------------------
     0 | D:1      | Sweetruy1997 the Kobold Berserker began the quest for the
                  | Orb.
     0 | D:1      | Reached XP level 1. HP: 14/14 MP: 1/1
   214 | D:1      | Reached XP level 2. HP: 19/19 MP: 2/2
   730 | D:1      | Reached XP level 3. HP: 24/24 MP: 3/3
  1156 | D:2      | HP: 1/24 [adder (1)]
  1157 | D:2      | Succumbed to an adder's poison

Illustrated notes

Levels and vault maps discovered:
D:1:      ebering_hopf_link, layout_basic
D:2:      layout_basic, serial_corexii_hall, corexii_hall_statues_u,
          corexii_hall_statues_i, uniq_robin, uniq_jessica

Action                   || total
-------------------------++-------
Melee: Short sword       ||    72
  Use: Potion            ||     1
 Stab: Sleeping          ||     2
Armor: Chain mail        ||    32
       Animal skin       ||     1
Dodge: Dodged            ||    32

Table legend: (Time is in decaauts)
 A = Elapsed time spent in this place.
 B = Non-inter-level travel time spent in this place.
 C = Inter-level travel time spent in this place.
 D = Time resting spent in this place.
 E = Time spent auto-exploring this place.
 F = Levels seen in this place.
 G = Mean time per level.
                   A        B        C        D        E       F      G
               +--------+--------+--------+--------+--------+-----+--------+
         Total |   1148 |   1119 |     29 |     97 |    890 |   2 |  574.0 |
       Dungeon |   1148 |   1119 |     29 |     97 |    890 |   2 |  574.0 |
               +--------+--------+--------+--------+--------+-----+--------+

Top non-repeatable levels by time:
     D:1: 1112 daAuts
     D:2: 35 daAuts
